 Dungeon Sprint DCSS version 0.31-a0-507-gbafd7f5274 (webtiles) character file.

Game seed: 9423658159276903057

552 hellse the Grappler (level 7, -3/83 HPs)
             Began as a Troll Shapeshifter on Aug 9, 2023.
             Was an Initiate of Gozag.
             Slain by a human (8 damage)
             ... in the Dungeon (Sprint III: "The Ten Rune Challenge").
             The game lasted 00:00:42 (140 turns).

hellse the Grappler (Troll Shapeshifter)             Turns: 140, Time: 00:00:43

Health: -3/83      AC:  4    Str: 24    XL:     7   Next: 8%
Magic:  6/6        EV: 10    Int:  4    God:    Gozag
Gold:   161        SH:  0    Dex: 12    Spells: 6/6 levels left

rFire   . .          .
                       - Unarmed
rCold   . . .        (no shield)
rNeg    . . .        a - +0 animal skin
rPois   .            (helmet currently unavailable)
rElec   .            (cloak currently unavailable)
rCorr   .            (gloves unavailable)
SInv    .            (boots unavailable)
Will    .....        (no amulet)
Stlth   +            (no ring)
HPRegen 1.13/turn    (no ring)
MPRegen 0.10/turn

%: no teleportation
@: beast-form, gold aura
A: beast (slay +2), large, unfitting armour, claws 3, regeneration 1, shaggy fur
1, tough skin 1
a: Begin Untransformation, Renounce Religion, Potion Petition, Call Merchant,
Bribe Branch


You were in the Dungeon.
You worshipped Gozag.
Gozag was aware of your devotion.
You were a hulking beast.
You visited 1 branch You collected 161 gold pieces.

Inventory:

Armour
 a - a +0 animal skin (worn)
Talismans
 c - a beast talisman (active)
 d - a flux talisman
Wands
 p - a wand of flame (30)
Scrolls
 j - a scroll of blinking
 k - a scroll of poison {unknown}
 l - 2 scrolls of identify {unknown}
 n - a scroll of torment {unknown}
Potions
 b - a potion of lignification
 e - 2 potions of curing
 f - a potion of heal wounds
 g - a potion of haste
 h - 3 potions of magic
 i - a potion of berserk rage
 m - a potion of enlightenment {unknown}
 o - 2 potions of might {unknown}


   Skills:
 + Level 9.1 Fighting
 - Level 1.5 Dodging
 + Level 11.2 Unarmed Combat
 - Level 3.0 Shapeshifting


You had 6 spell levels left.
You didn't know any spells.
Your spell library was empty.

Dungeon Overview and Level Annotations

Branches:
Dungeon (1/1)

Altars:
Cheibriados
Fedhas
Gozag
Hepliaklqana
Makhleb
Nemelex Xobeh
Qazlal
Xom
Jiyva
Lugonu


Innate Abilities, Weirdness & Mutations

You are a hulking beast.
Your limbs bulge with bestial killing power. (Slay +2)
You are too large for most types of armour.
You have claws for hands.
Your natural rate of healing is unusually fast.
You are covered in fur. (AC +1)
You have tough skin. (AC +1)


Message History

You claw the human! Your claw misses the human.
The human is almost dead.
The human hits you with a +0 dagger.
You closely miss the human.
The human is almost dead.
The human barely misses you.
You scratch the human.
The human is almost dead.
The human hits you with a +0 dagger! x2
You are too injured to fight recklessly!
You are too injured to fight recklessly!
You scratch the human but do no damage.
The human is almost dead.
The human hits you with a +0 dagger!
* * * LOW HITPOINT WARNING * * *
You barely miss the human.
The human is almost dead.
The human hits you with a +0 dagger!
* * * LOW HITPOINT WARNING * * *
You claw the human!
You kill the human!
Your Fighting skill increases to level 9!
Your Unarmed Combat skill increases to level 11!
You have reached level 7!
Unknown command.
You scratch the human.
The human is lightly wounded.
The human hits you.
* * * LOW HITPOINT WARNING * * *
You scratch the human.
The human is lightly wounded.
The human hits you!
* * * LOW HITPOINT WARNING * * *
You scratch the human but do no damage.
The human is lightly wounded.
You scratch the human.
The human is moderately wounded.
The human hits you!
You die...
Your body crumbles into a pile of gold.

▓▓▓ ##.# $ ####..#
$ $ $$ $ #!!#..# #
$ $$
#..#..###+#'###+##
##'#..#..........#
$
###...'.⌠......$p#$
$$$
###...#...######h#$
$$$ $$$
##....#.⌠.#__#...#
#.....#...#__#...#
......#+###__#...#
#.....# #__#...+
##....# #__'...#
▓▓▓▓▓▓ ▓▓▓▓▓▓▓▓


You could see a human (strong).

Vanquished Creatures
  A shadow (D)
  A spatial vortex (D)
  A water elemental (D)
  A jelly (D)
  Jessica (D)
  2 humans (D)
  A phantom (D)
  An endoplasm (D)
  A rat (D)
10 creatures vanquished.

Notes
Turn   | Place    | Note
-------+----------+-------------------------------------------
     0 | D        | hellse the Troll Shapeshifter began the quest for the Orb.
     0 | D        | Reached XP level 1. HP: 18/18 MP: 0/0
     9 | D        | Reached skill level 1 in Fighting
    24 | D        | Noticed Jessica
    33 | D        | Killed Jessica
    34 | D        | Reached skill level 5 in Unarmed Combat
    34 | D        | Reached XP level 2. HP: 27/31 MP: 1/1
    57 | D        | Reached XP level 3. HP: 27/39 MP: 2/2
    79 | D        | Noticed a water elemental
    85 | D        | Killed a water elemental
    86 | D        | Reached skill level 5 in Fighting
    86 | D        | Reached skill level 7 in Unarmed Combat
    86 | D        | Reached XP level 4. HP: 36/50 MP: 3/3
    97 | D        | Noticed a shadow
   100 | D        | Killed a shadow
   101 | D        | Reached skill level 9 in Unarmed Combat
   101 | D        | Reached XP level 5. HP: 61/62 MP: 4/4
   101 | D        | Reached XP level 6. HP: 69/71 MP: 5/5
   107 | D        | Found a blossoming altar of Fedhas.
   107 | D        | Found a stormy altar of Qazlal.
   108 | D        | Found a snail-covered altar of Cheibriados.
   108 | D        | Found a burning altar of Makhleb.
   108 | D        | Found a hazy altar of Hepliaklqana.
   108 | D        | Found a shimmering altar of Xom.
   108 | D        | Found an opulent altar of Gozag.
   108 | D        | Found a sparkling altar of Nemelex Xobeh.
   108 | D        | Found a corrupted altar of Lugonu.
   108 | D        | Found a viscous altar of Jiyva.
   108 | D        | Noticed a spatial vortex
   112 | D        | Became a worshipper of Gozag Ym Sagoz the Greedy
   117 | D        | Killed a spatial vortex
   118 | D        | Reached skill level 10 in Unarmed Combat
   128 | D        | Noticed a human
   128 | D        | Noticed a human
   136 | D        | Killed a human
   137 | D        | Reached skill level 11 in Unarmed Combat
   137 | D        | Reached XP level 7. HP: 15/83 MP: 6/6
   138 | D        | HP: 3/83 [human (10)]
   140 | D        | Slain by a human

Illustrated notes

Levels and vault maps discovered:
D:        dungeon_sprint_mu [sprint_mu_entry_cave, sprint_mu_temple_rooms,
          sprint_mu_d1_horrors, sprint_mu_d2_genie, sprint_mu_d3_branching,
          sprint_mu_orc_legion, sprint_mu_elf_gauntlet, sprint_mu_hive_nellie,
          sprint_mu_lair_fedhas, sprint_mu_vaults_butterflies,
          sprint_mu_slime_circle, sprint_mu_swamp_cave, sprint_mu_snake_twists,
          sprint_mu_blade_basic, sprint_mu_crypt_chambers,
          sprint_mu_tomb_spiral, sprint_mu_vestibule_basic,
          sprint_mu_gehenna_hellfire, sprint_mu_dis_giant,
          sprint_mu_tartarus_statrot, sprint_mu_cocytus_islands, sprint_mu_zot1]

Skill      XL: |  1  2  3  4  5  6 |
---------------+-------------------+-----
Fighting       | 3 4 5 7 9 |  9.1
Unarmed Combat | 5 7 9 11 | 11.2
Dodging        | |  1.5
Shapeshifting  | |  3.0

Action                     |  1- 3 |  4- 6 |  7- 9 || total
---------------------------+-------+-------+-------++-------
  Melee: Unarmed           |    17 |    18 |     4 ||    39
         Punch             |     2 |       |       ||     2
 Armour: Animal skin       |     1 |       |       ||     1
  Dodge: Dodged            |     8 |     4 |       ||    12

Table legend: (Time is in decaauts)
 A = Elapsed time spent in this place.
 B = Non-inter-level travel time spent in this place.
 C = Inter-level travel time spent in this place.
 D = Time resting spent in this place.
 E = Time spent auto-exploring this place.
 F = Levels seen in this place.
 G = Mean time per level.
                   A        B        C        D        E       F      G
               +--------+--------+--------+--------+--------+-----+--------+
         Total |    134 |    134 |      0 |      0 |     35 |   1 |  134.0 |
       Dungeon |    134 |    134 |      0 |      0 |     35 |   1 |  134.0 |
               +--------+--------+--------+--------+--------+-----+--------+

Top non-repeatable levels by time:
       D: 134 daAuts
